 Dungeon Crawl Stone Soup version 0.29-a0-453-gf113fcf677 (webtiles) character file.

Game seed: 4444281911176117155

63 Bruhh the Twirler (level 4, 0/44 HPs)
             Began as an Ogre Gladiator on May 20, 2022.
             Slain by an orc wizard
             ... wielding a +0 dagger
              (4 damage)
             ... on level 3 of the Dungeon.
             The game lasted 00:02:12 (2305 turns).

Bruhh the Twirler (Ogre Gladiator)                  Turns: 2305, Time: 00:02:12

Health: 0/44       AC:  3    Str: 20    XL:     4   Next: 10%
Magic:  4/4        EV: 10    Int:  9    God:
Gold:   90         SH:  0    Dex: 10    Spells: 3/3 levels left

rFire   . . .      SeeInvis .   a - +0 quarterstaff
rCold   . . .      Faith    .   (shield currently unavailable)
rNeg    . . .      Spirit   .   b - +0 robe
rPois   +          Reflect  .   c - +0 hat
rElec   .          Harm     .   (no cloak)
rCorr   +          Rampage  .   (gloves unavailable)
Will    .....                   (boots unavailable)
Stlth   +.........              (no amulet)
HPRegen 0.14/turn               n - ring of poison resistance
MPRegen 0.09/turn               j - ring of resist corrosion

@: no status effects
A: large, unfitting armour, tough skin 1
a: no special abilities


You were on level 3 of the Dungeon.
You visited 1 branch of the dungeon, and saw 3 of its levels.

You collected 90 gold pieces.

Inventory:

Hand Weapons
 a - a +0 quarterstaff (weapon)
 g - a +1 dagger of venom
Missiles
 d - 3 throwing nets (quivered)
 e - a large rock
Armour
 b - a +0 robe (worn)
 c - a +0 hat (worn)
Jewellery
 j - a ring of resist corrosion (right hand)
 n - a ring of poison resistance (left hand)
 q - an amulet of the acrobat
Wands
 p - a wand of iceblast (9)
Scrolls
 f - a scroll of identify {unknown}
 i - a scroll of teleportation {unknown}
 k - a scroll of blinking {unknown}
 l - a scroll of vulnerability {unknown}
 o - a scroll of immolation {unknown}


   Skills:
 - Level 2.6 Fighting
 + Level 4.8 Staves
 - Level 2.0 Throwing
 - Level 2.6 Dodging


You had 3 spell levels left.
You didn't know any spells.
Your spell library was empty.

Dungeon Overview and Level Annotations

Branches:
Dungeon (3/15)

Altars:


Innate Abilities, Weirdness & Mutations

You are too large for most types of armour.
You have tough skin. (AC +1)


Message History

Deactivating autopickup; reactivate with Ctrl-A.
You hear some strange, mumbled words.
You are confused.
The orc hits you with a +0 falchion.
You are too confused!
You are too confused!
You are too confused!
Unknown command.
You are too confused!
You are too confused!
You are too confused!
You are too confused!
You are too confused!
You are too confused!
You bump into the rock wall.
The orc hits you with a +0 falchion.
You closely miss the orc. The orc hits you with a +0 falchion.
Something hits you but does no damage.
You closely miss something. The orc hits you with a +0 falchion.
Something hits you.
You miss the orc. Something hits you.
* * * LOW HITPOINT WARNING * * *
The orc misses you. The orc attacks as you move away!
The orc hits you with a +0 falchion.
* * * LOW HITPOINT WARNING * * *
You bump into the rock wall.
The orc hits you with a +0 falchion.
* * * LOW HITPOINT WARNING * * *
Something hits you.
* * * LOW HITPOINT WARNING * * *
It was a potion of heal wounds.
You feel much better.
You feel less confused. The orc hits you with a +0 falchion.
Something hits you.
You miss something. Something hits you. The orc hits you with a +0 falchion.
* * * LOW HITPOINT WARNING * * *
You sock something! Something completely misses you.
The orc hits you with a +0 falchion.
* * * LOW HITPOINT WARNING * * *
You hit something. The orc hits you with a +0 falchion.
* * * LOW HITPOINT WARNING * * *
Something hits you.
You die...

#.##.##.#
....##.####
#.#........
#####.#.##.###
#............##
#.###.#.#.....#.##
...#K#.).......
##..#o{<$...#.##
...#@........#
##.#####.###### #.
#.# #. #.# #+#


You could see an orc and a kobold.

Vanquished Creatures
  3 adders
  2 dart slugs (D:1)
  An orc (D:3)
  2 ball pythons
  6 endoplasms
  2 giant cockroaches
  2 goblins
  A hobgoblin (D:2)
  A jackal (D:1)
  2 kobolds
  A quokka (D:1)
  2 bats
  A frilled lizard (D:1)
  4 rats (D:1)
30 creatures vanquished.

Notes
Turn   | Place    | Note
-------+----------+-------------------------------------------
     0 | D:1      | Bruhh the Ogre Gladiator began the quest for the Orb.
     0 | D:1      | Reached XP level 1. HP: 22/22 MP: 1/1
   227 | D:1      | Reached XP level 2. HP: 29/29 MP: 2/2
   275 | D:1      | Found a faded altar of an unknown god.
   656 | D:1      | Reached skill level 4 in Staves
   683 | D:1      | Reached XP level 3. HP: 36/36 MP: 3/3
  1641 | D:3      | Reached XP level 4. HP: 14/44 MP: 4/4
  2301 | D:3      | HP: 2/44 [something (3)]
  2305 | D:3      | Slain by an orc wizard

Illustrated notes

Levels and vault maps discovered:
D:1:      onia_arrival_mini_spirals, layout_basic,
          ebering_ecumenical_altar_webs, st_stairs_2
D:2:      layout_basic
D:3:      layout_loops_corners, nicolae_overflow_crystal_walls,
          cheibrodos_sewer_entry_bend, chequers_mini_garden, minivault_26

Skill      XL: |  1  2 |
---------------+-------+-----
Staves         | 4 |  4.8
Fighting       | |  2.6
Throwing       | |  2.0
Dodging        | |  2.6

Action                   |  1- 3 |  4- 6 || total
-------------------------+-------+-------++-------
Melee: Quarterstaff      |    88 |    13 ||   101
  Use: Potion            |     1 |     2 ||     3
Armor: Robe              |    27 |     3 ||    30
Dodge: Dodged            |    46 |     7 ||    53

Table legend: (Time is in decaauts)
 A = Elapsed time spent in this place.
 B = Non-inter-level travel time spent in this place.
 C = Inter-level travel time spent in this place.
 D = Time resting spent in this place.
 E = Time spent auto-exploring this place.
 F = Levels seen in this place.
 G = Mean time per level.
                   A        B        C        D        E       F      G
               +--------+--------+--------+--------+--------+-----+--------+
         Total |   2313 |   2229 |     84 |    630 |   1337 |   3 |  771.0 |
       Dungeon |   2313 |   2229 |     84 |    630 |   1337 |   3 |  771.0 |
               +--------+--------+--------+--------+--------+-----+--------+

Top non-repeatable levels by time:
     D:1: 1125 daAuts
     D:2: 1063 daAuts
     D:3: 125 daAuts
